Map: Frozen Temple

Players

LiquidTLO (TLO) - Winner!

  • Race: Zerg Zerg
  • League: Grandmaster

GunGFuBanDa

  • Race: Protoss Protoss
  • League: Grandmaster

VOD

Have the link to the VOD?

Description

Time

  • Played on: July 5, 2016, 1:06 p.m.
  • Length: 6:52
Show
View Real Time Build Order
Export as new Build Order

LiquidTLO Zerg - Winner!

Build Orders: Hatch First 

Get SALT Encoding   

  12  0:01  Drone  
  13  0:12  Overlord  
  13  0:17  Drone  
  14  0:31  Drone x2  
  16  0:48  Drone  
  17  0:56  Hatchery  
  16  0:57  Drone  
  16  0:59  Drone  
  16  1:02  Extractor  
  17  1:06  Drone  
  18  1:19  Spawning Pool  
  18  1:22  Drone  
  18  1:28  Drone  
  19  1:38  Overlord  
  19  1:58  Drone  
  20  2:05  Queen  
  20  2:07  Drone  
  20  2:08  Zergling x2  
  24  2:10  Queen  
  24  2:15  Drone  
  27  2:19  Drone  
  28  2:26  Drone  
  29  2:37  Zergling x2  
  29  2:39  Hatchery  
  29  2:42  Drone  
  30  2:46  Overlord  
  30  2:48  Drone  
  31  2:57  Drone  
  32  2:59  Drone  
  32  3:04  Drone  
  32  3:05  Drone  
  35  3:12  Drone  
  36  3:14  Drone  
  36  3:16  Lair  
  36  3:17  Drone  
  36  3:19  Drone  
  38  3:20  Roach Warren, Drone  
  38  3:22  Overlord  
  38  3:25  Drone  
  39  3:27  Extractor  
  39  3:31  Overlord  
  39  3:34  Overlord  
  38  3:41  Drone x3  
  39  3:43  Extractor  
  39  3:46  Drone  
  41  3:49  Drone x2  
  41  3:52  Drone  
  44  4:00  Roach x3  
  44  4:01  Roach  
  52  4:03  Roach  
  52  4:07  Roach  
  56  4:10  Roach  
  56  4:12  Roach  
  56  4:16  Drone  
  61  4:18  Glial Reconstitution  
  61  4:20  Drone  
  61  4:23  Roach  
  64  4:26  Drone  
  64  4:27  Drone  
  64  4:30  Overlord  
  66  4:33  Overlord  
  66  4:38  Overlord  
  66  4:42  Overlord  
  66  4:44  Overlord  
  66  4:48  Overseer  
  66  4:49  Roach  
  66  4:51  Spore Crawler  
  67  4:53  Roach  
  67  4:55  Roach  
  67  4:58  Roach  
  73  5:01  Roach  
  73  5:02  Roach  
  73  5:05  Drone  
  80  5:07  Roach  
  80  5:10  Roach  
  80  5:12  Roach  
  80  5:14  Roach  
  86  5:18  Roach  
  86  5:19  Roach  
  91  5:21  Roach  
  91  5:23  Roach  
  91  5:27  Roach  
  95  5:33  Roach x2  
  95  5:34  Zergling x4  
  99  5:37  Roach  
  101  5:42  Roach  
  101  5:43  Roach  
  101  5:44  Roach  
  101  5:46  Roach  
  105  5:54  Roach  
  105  5:58  Overlord, Roach  
  105  5:59  Roach  
  105  6:02  Ravager  
  106  6:11  Overlord  
  106  6:14  Overseer  
  103  6:19  Roach  
  103  6:20  Roach  
  103  6:21  Roach x2, Ravager  
  103  6:22  Overlord, Zergling x2  
  103  6:23  Zergling x4  
  114  6:26  Roach  
  114  6:30  Roach  
  114  6:31  Roach x2  
Show
View Real Time Build Order
Export as new Build Order

GunGFuBanDa Protoss 

Build Orders: 1 Gate Expand 

Get SALT Encoding   

  12  0:00  Probe (Chrono Boost)  
  13  0:11  Probe (Chrono Boost)  
  14  0:18  Pylon  
  14  0:22  Probe (Chrono Boost)  
  15  0:36  Probe (Chrono Boost)  
  15  0:38  Gateway  
  16  0:44  Assimilator  
  17  0:50  Probe (Chrono Boost)  
  17  1:00  Probe (Chrono Boost)  
  18  1:11  Probe (Chrono Boost)  
  19  1:23  Nexus  
  19  1:33  Cybernetics Core  
  19  1:35  Probe (Chrono Boost)  
  20  1:40  Assimilator  
  20  1:46  Probe (Chrono Boost)  
  21  1:51  Pylon  
  21  1:56  Probe (Chrono Boost)  
  22  2:07  Probe (Chrono Boost)  
  23  2:09  Stalker (Chrono Boost)  
  23  2:11  Warp Gate  
  25  2:18  Probe  
  26  2:27  Twilight Council  
  26  2:30  Probe (Chrono Boost)  
  26  2:35  Probe (Chrono Boost)  
  28  2:38  Adept (Chrono Boost)  
  30  2:47  Probe x2 (Chrono Boost)  
  32  2:57  Probe (Chrono Boost)  
  32  2:58  Probe (Chrono Boost)  
  34  3:03  Resonating Glaives  
  34  3:08  Probe x2 (Chrono Boost)  
  35  3:18  Probe (Chrono Boost)  
  35  3:19  Probe (Chrono Boost)  
  36  3:29  Probe (Chrono Boost)  
  36  3:30  Probe (Chrono Boost)  
  38  3:39  Nexus, Probe (Chrono Boost)  
  38  3:40  Pylon, Probe (Chrono Boost)  
  40  3:50  Mothership Core (Chrono Boost)  
  40  3:53  Probe (Chrono Boost)  
  43  4:01  Pylon  
  43  4:04  Gateway  
  43  4:06  Gateway  
  43  4:07  Probe (Chrono Boost)  
  43  4:09  Probe (Chrono Boost)  
  45  4:15  Pylon  
  45  4:21  Gateway  
  45  4:23  Gateway  
  45  4:26  Gateway  
  45  4:27  Probe (Chrono Boost)  
  46  4:32  Probe (Chrono Boost)  
  46  4:35  Adept  
  46  4:38  Probe (Chrono Boost)  
  50  4:41  Pylon  
  50  4:43  Probe (Chrono Boost)  
  51  4:50  Gateway, Pylon  
  51  4:52  Probe (Chrono Boost)  
  52  4:55  Probe (Chrono Boost)  
  53  5:00  Adept x2  
  53  5:01  Probe (Chrono Boost)  
  58  5:09  Adept  
  58  5:13  Probe  
  61  5:17  Pylon  
  61  5:19  Pylon  
  61  5:24  Stalker  
  61  5:25  Adept, Stalker x2  
  66  5:28  Adept  
  66  5:41  Adept  
  66  5:44  Adept  
  66  5:45  Adept  
  66  5:46  Stalker x2  
  66  5:48  Stalker  
  72  6:00  Zealot  
  72  6:01  Probe x3  
  72  6:04  Assimilator  
  77  6:06  Pylon, Zealot  
  77  6:10  Assimilator  
  77  6:11  Pylon  
  73  6:12  Adept  
  73  6:13  Zealot, Probe  
  73  6:14  Zealot  
  78  6:28  Adept  
  78  6:31  Zealot  
  78  6:32  Zealot  
  84  6:37  Zealot x2  
  84  6:38  Zealot x2  
Tags
 
Add a new tag
Caveats
  • Supply blocks, unpowered buildings, or Contaminate may cause inaccurate times.
  • Supply counts are checked every 10 seconds.